 Dungeon Sprint DCSS version 0.31-a0-18-gea43df2a32 (webtiles) character file.

Game seed: 16393984950975692891

18131 sircluck the Wrestler (level 12, -12/199 HPs)
             Began as a Troll Berserker on May 11, 2023.
             Was the Champion of Trog.
             Succumbed to poison (poison gas)
             ... in the Dungeon (Sprint II: "The Violet Keep of Menkaure").
             The game lasted 00:15:55 (1814 turns).

sircluck the Wrestler (Troll Berserker)             Turns: 1814, Time: 00:15:55

Health: -12/199    AC: 30    Str: 32    XL:     12   Next: 25%
Magic:  11/11      EV:  1    Int:  3    God:    Trog [******]
Gold:   1955       SH:  0    Dex:  9    Spells: 11/11 levels left

rFire   . .          .
                       - Unarmed
rCold   . . .        (no shield)
rNeg    . . .        a - melded +0 animal skin
rPois   +            (helmet currently unavailable)
rElec   .            (cloak currently unavailable)
rCorr   +            (gloves unavailable)
SInv    .            (boots unavailable)
Will    .....        v - amulet of regeneration
Stlth   ++           j - ring of resist corrosion
HPRegen 2.13/turn    x - +4 ring of protection
MPRegen 0.12/turn

%: no teleportation
@: lethally poisoned (-12 -> -50), tree-form, on berserk cooldown, slowed, very
slow
A: stationary, stasis, torment immunity, boosted hp, large, unfitting armour,
(claws 3), regeneration 1, (shaggy fur 1), (tough skin 1), (heat vulnerability
1)
a: Renounce Religion, Berserk, Trog's Hand, Brothers in Arms


You were in the Dungeon.
You worshipped Trog.
Trog was exalted by your worship.
You were a tree.
You visited 1 branch You collected 2225 gold pieces.
You spent 270 gold pieces at shops.

Inventory:

Missiles
 o - 6 poisoned darts (quivered)
 p - 25 stones
Armour
 a - a +0 animal skin (melded)
 g - a +1 hat of intelligence
Jewellery
 j - a ring of resist corrosion (left branch)
 t - a ring of resist corrosion
 v - an amulet of regeneration (around neck)
 x - a +4 ring of protection (right branch)
Wands
 w - a wand of charming (7)
Scrolls
 c - a scroll of magic mapping
 l - a scroll of poison
 n - a scroll of identify
 q - a scroll of enchant weapon {unknown}
 r - a scroll of butterflies {unknown}
 s - a scroll of brand weapon {unknown}
Potions
 d - a potion of haste
 e - 23 potions of magic
 f - a potion of berserk rage
 h - 14 potions of flight
 i - a potion of might
 k - 3 potions of resistance
 u - a potion of experience {unknown}
Miscellaneous
 y - a box of beasts
 z - a phantom mirror
 A - a condenser vane


   Skills:
 + Level 12.5 Fighting
 + Level 1.2 Throwing
 + Level 13.4 Dodging
 + Level 2.5 Stealth
 + Level 24.5 Unarmed Combat


You had 11 spell levels left.
You didn't know any spells.
Your spell library was empty.

Dungeon Overview and Level Annotations

Branches:
Dungeon (1/1)

Altars:
Cheibriados
Dithmenos
Elyvilon
Fedhas
Gozag
Hepliaklqana
Kikubaaqudgha
Makhleb
Nemelex Xobeh
Okawaru
Qazlal
Ru
Sif Muna
Trog
Uskayaw
Vehumet
Wu Jian
Xom
Yredelemnul
Zin
The Shining One
Jiyva
Lugonu

Shops:
D =:!![[:=*!?(?[*=(::

Annotations:
D exclusions: ice statue, obsidian statue and oklob plant, Nessos


Innate Abilities, Weirdness & Mutations

You are a tree.
Your roots penetrate the ground, keeping you stationary.
You cannot be teleported.
You are immune to unholy pain and torment.
Your maximum health is greatly increased.
Your equipment is partially melded.
You are too large for most types of armour.
((You have claws for hands.))
Your natural rate of healing is unusually fast.
((You are covered in fur. (AC +1)))
((You have tough skin. (AC +1)))
((You are vulnerable to heat. (rF-)))


Message History

You are more poisoned.
You feel extremely sick.
The elephant is engulfed in poison gas.
The elephant looks as sick as possible!
The elephant tramples you!
You hold your ground!
The elephant trunk-slaps you but does no damage.
You claw the elephant!
The elephant is heavily wounded.
You are engulfed in poison gas.
You are more poisoned.
You feel extremely sick. The elephant misses you.
The elephant closely misses you.
You claw the elephant!
The elephant is severely wounded.
You are engulfed in poison gas.
You are more poisoned.
You feel extremely sick.
You claw the elephant! Your claw misses the elephant.
The elephant is almost dead.
You are engulfed in poison gas.
You are more poisoned.
You feel extremely sick.
The elephant tramples you but does no damage.
The elephant closely misses you.
Unknown command.
You claw the elephant!
You kill the elephant!
Trog accepts your kill.
You are engulfed in poison gas.
You are lethally poisoned!
* * * LOW HITPOINT WARNING * * *
You feel extremely sick.
Which direction?
You close the gate.
You are engulfed in poison gas.
You are more poisoned.
* * * LOW HITPOINT WARNING * * *
x2 You feel extremely sick.
It was a potion of lignification.
You turn into a tree.
Your +0 animal skin melds into your body.
Your roots penetrate the ground.
You die...

,,,,,,*,,*******,****,,,,,,,,*,,,
+******+**,,####+####,,,,,,,,*,,,
∩∩∩∩∩∩*,,+,##....°°.##⌠,,,,*+***,
∩∩∩∩∩∩*,,*##...°.☼☼°.##,,,,*,,*▓▓
******#*,,+°..°.8○..°.##++##,,,+.
,,,**,.c##*#○○☼.°°○○°##≈...###,#○
,,,,*,,.@.~##○..°°°☼##e≈^....###°
##########~~#+++#°○○#####....#.##
#########~~~...)♣.○○.#..'^.^.#..#
.∩.∩....#~~~~.##'##..#..####.#..#
..∩.∩...#~~~~##.####.####[.÷.##.#
...∩....#~~~~#)##..#....#..#...##
....∩.⌠.#~~####...####..#####.)##
...∩.∩..#~##.###'###.##..#.÷'..#.
..∩.∩...#~#...##.##...#..#..#..#)
.∩.∩....'~'###†.<.÷.##+..####.÷##
∩.∩.....#~#...##.##...#....###...


You could see an obsidian statue.

Vanquished Creatures
  A kraken (D)
  Gastronok (D)
  Kirke (D)
  Roxanne (D)
  A dire elephant (D)
  A crystal guardian (D)
  A yaktaur captain (D)
  An ice dragon (D)
  A centaur warrior (D)
  2 boulder beetles (D)
  2 hell hogs (D)
  3 sixfirhies (D)
  2 death drakes (D)
  A skeletal warrior (D)
  3 orc sorcerers (D)
  3 manticores (D)
  A merfolk siren (D)
  An elephant (D)
  A kobold demonologist (D)
  A yaktaur (D)
  3 polar bears (D)
  A hornet (D)
  4 neqoxecs (D)
  Menkaure (D)
  4 water moccasins (D)
  2 swamp drakes (D)
  4 necrophages (D)
  A jelly (D)
  A tentacle (D)
50 creatures vanquished.

Vanquished Creatures (collateral kills)
  4 tentacles (D)
4 creatures vanquished.

Vanquished Creatures (others)
  13 tentacles (D)
13 creatures vanquished.

Grand Total: 67 creatures vanquished

Notes
Turn   | Place    | Note
-------+----------+-------------------------------------------
     0 | D        | sircluck the Troll Berserker began the quest for the Orb.
     0 | D        | Reached XP level 1. HP: 22/22 MP: 0/0
     1 | D        | Noticed a necrophage
     1 | D        | Noticed a necrophage
     1 | D        | Noticed a necrophage
     1 | D        | Noticed a necrophage
     5 | D        | Killed a necrophage
     6 | D        | Reached skill level 5 in Unarmed Combat
     6 | D        | Reached XP level 2. HP: 32/32 MP: 1/1
     6 | D        | Reached XP level 3. HP: 39/39 MP: 2/2
     8 | D        | Killed a necrophage
     9 | D        | Reached skill level 5 in Fighting
     9 | D        | Reached skill level 5 in Dodging
     9 | D        | Reached skill level 6 in Unarmed Combat
     9 | D        | Reached XP level 4. HP: 50/50 MP: 3/3
    10 | D        | Killed a necrophage
    10 | D        | Reached ** piety under Trog
    11 | D        | Reached skill level 7 in Unarmed Combat
    11 | D        | Reached XP level 5. HP: 59/59 MP: 4/4
    57 | D        | Noticed a boulder beetle
    57 | D        | Noticed a boulder beetle
    61 | D        | Noticed a neqoxec
    61 | D        | Noticed a neqoxec
    61 | D        | Noticed a neqoxec
    61 | D        | Noticed a neqoxec
    64 | D        | Gained mutation: You are vulnerable to heat. (rF-) [a
                  | neqoxec]
    70 | D        | Killed a neqoxec
    71 | D        | Reached skill level 8 in Unarmed Combat
    71 | D        | Reached XP level 6. HP: 71/71 MP: 5/5
    72 | D        | Killed a neqoxec
    73 | D        | Reached skill level 9 in Unarmed Combat
    75 | D        | Killed a neqoxec
    75 | D        | Reached *** piety under Trog
    76 | D        | Reached skill level 10 in Unarmed Combat
    76 | D        | Reached XP level 7. HP: 79/79 MP: 6/6
    83 | D        | Killed a neqoxec
   123 | D        | Noticed a merfolk siren
   132 | D        | Killed a merfolk siren
   133 | D        | Reached skill level 11 in Unarmed Combat
   133 | D        | Reached XP level 8. HP: 84/89 MP: 7/7
   190 | D        | Killed a boulder beetle
   190 | D        | Reached **** piety under Trog
   191 | D        | Reached skill level 12 in Unarmed Combat
   195 | D        | Killed a boulder beetle
   196 | D        | Reached skill level 10 in Dodging
   196 | D        | Reached skill level 13 in Unarmed Combat
   196 | D        | Reached XP level 9. HP: 27/101 MP: 8/8
   238 | D        | Found Woceus's Weapon Emporium.
   238 | D        | Found Gadghec's General Store.
   238 | D        | Found Sucuoc's Antique Armour Emporium.
   239 | D        | Found Nuicoq's Jewellery Emporium.
   239 | D        | Found Ebixkuvvoq's Antique Weapon Shoppe.
   239 | D        | Found Uculent's Magic Scroll Emporium.
   239 | D        | Found Soysum's Distillery.
   240 | D        | Found Jiamikau's Jewellery Emporium.
   240 | D        | Found Vosouxeh's Book Shoppe.
   240 | D        | Found Vixkin's Antique Armour Shoppe.
   241 | D        | Found Kiatenaff's Magic Scroll Emporium.
   242 | D        | Found Qyotupp's Distillery.
   242 | D        | Found Socu's Distillery.
   242 | D        | Noticed Menkaure
   242 | D        | Noticed an oklob plant
   256 | D        | Killed Menkaure
   259 | D        | Found Feuphea's Jewellery Shoppe.
   259 | D        | Found Qiodegox's Book Shoppe.
   266 | D        | Noticed a fire dragon
   327 | D        | Bought a scroll of magic mapping for 97 gold pieces
   329 | D        | Bought a potion of flight for 33 gold pieces
   331 | D        | Bought a potion of flight for 42 gold pieces
   331 | D        | Bought a potion of flight for 42 gold pieces
   331 | D        | Bought a potion of might for 56 gold pieces
   406 | D        | Found a snail-covered altar of Cheibriados.
   406 | D        | Found a hazy altar of Hepliaklqana.
   407 | D        | Found a shadowy altar of Dithmenos.
   407 | D        | Found a viscous altar of Jiyva.
   407 | D        | Found a stormy altar of Qazlal.
   409 | D        | Found a white marble altar of Elyvilon.
   409 | D        | Found an ancient bone altar of Kikubaaqudgha.
   409 | D        | Found a sacrificial altar of Ru.
   410 | D        | Found a blossoming altar of Fedhas.
   410 | D        | Found a corrupted altar of Lugonu.
   410 | D        | Found a shimmering blue altar of Sif Muna.
   411 | D        | Found an opulent altar of Gozag.
   411 | D        | Found a burning altar of Makhleb.
   411 | D        | Found a bloodstained altar of Trog.
   411 | D        | Found a shimmering altar of Xom.
   413 | D        | Found a sparkling altar of Nemelex Xobeh.
   413 | D        | Found a hide-covered altar of Uskayaw.
   416 | D        | Reached ***** piety under Trog
   440 | D        | Found an iron altar of Okawaru.
   440 | D        | Found a radiant altar of Vehumet.
   440 | D        | Found a glowing silver altar of Zin.
   441 | D        | Noticed a yaktaur
   441 | D        | Noticed a polar bear
   441 | D        | Noticed a polar bear
   444 | D        | Killed a polar bear
   445 | D        | Reached skill level 10 in Fighting
   445 | D        | Reached skill level 14 in Unarmed Combat
   447 | D        | Killed a polar bear
   447 | D        | Noticed a polar bear
   451 | D        | Killed a polar bear
   453 | D        | Killed a yaktaur
   454 | D        | Reached skill level 15 in Unarmed Combat
   502 | D        | Found a basalt altar of Yredelemnul.
   508 | D        | Noticed a kraken
   519 | D        | Found an ornate altar of the Wu Jian Council.
   519 | D        | Found a glowing golden altar of the Shining One.
   524 | D        | Noticed Roxanne
   576 | D        | Killed a kraken
   577 | D        | Reached skill level 16 in Unarmed Combat
   577 | D        | Reached XP level 10. HP: 113/113 MP: 9/9
   798 | D        | Noticed a sixfirhy
   800 | D        | Noticed a sixfirhy
   808 | D        | Killed Roxanne
   808 | D        | Received a gift from Trog
   809 | D        | Reached skill level 17 in Unarmed Combat
   809 | D        | Noticed a sixfirhy
   816 | D        | Found Pogoynyti's Book Shoppe.
   817 | D        | Found Teokuege's Book Boutique.
   831 | D        | Found Tiago Mec's Assorted Antiques.
   831 | D        | Found Hutokle's Antique Armour Shoppe.
   832 | D        | Noticed Nessos
   954 | D        | Killed a sixfirhy
   959 | D        | Killed a sixfirhy
   962 | D        | Killed a sixfirhy
   962 | D        | Received a gift from Trog
   963 | D        | Reached skill level 18 in Unarmed Combat
  1006 | D        | Noticed Gastronok
  1015 | D        | Killed Gastronok
  1016 | D        | Reached skill level 1 in Stealth
  1016 | D        | Reached skill level 19 in Unarmed Combat
  1016 | D        | Reached XP level 11. HP: 123/123 MP: 10/10
  1054 | D        | Noticed a dire elephant
  1054 | D        | Noticed an orc sorcerer
  1054 | D        | Noticed an orc sorcerer
  1054 | D        | Noticed an orc sorcerer
  1061 | D        | Killed a dire elephant
  1062 | D        | Paralysed by an orc sorcerer for 3 turns
  1067 | D        | Killed an orc sorcerer
  1069 | D        | Killed an orc sorcerer
  1069 | D        | Reached ****** piety under Trog
  1073 | D        | Paralysed by an orc sorcerer for 2 turns
  1081 | D        | Killed an orc sorcerer
  1081 | D        | Received a gift from Trog
  1082 | D        | Reached skill level 20 in Unarmed Combat
  1131 | D        | Identified the +9 morningstar "Nieshrust" {heavy, rF+ Str+3
                  | Int+2}
  1171 | D        | Identified the staff of earth "Huposedgh" {rElec rF+}
  1181 | D        | Identified the +1 pair of boots of Noughts and Crosses
                  | {Drain rElec rC+ rCorr}
  1301 | D        | Noticed a death drake
  1316 | D        | Killed a death drake
  1378 | D        | Noticed a death drake
  1379 | D        | Noticed a crystal guardian
  1382 | D        | Killed a death drake
  1383 | D        | Reached skill level 21 in Unarmed Combat
  1448 | D        | Killed a crystal guardian
  1448 | D        | Received a gift from Trog
  1464 | D        | Noticed a hell hog
  1464 | D        | Noticed a hell hog
  1468 | D        | Killed a hell hog
  1469 | D        | Reached skill level 22 in Unarmed Combat
  1471 | D        | Killed a hell hog
  1506 | D        | Noticed an ice dragon
  1512 | D        | Killed an ice dragon
  1513 | D        | Reached skill level 23 in Unarmed Combat
  1550 | D        | Noticed a deep elf master archer
  1649 | D        | Received a gift from Trog
  1751 | D        | Noticed an obsidian statue
  1754 | D        | Noticed Kirke
  1754 | D        | Noticed a yaktaur captain
  1754 | D        | Noticed a skeletal warrior
  1755 | D        | Noticed a centaur warrior
  1771 | D        | Killed a centaur warrior
  1772 | D        | Reached skill level 1 in Throwing
  1772 | D        | Reached XP level 12. HP: 102/132 MP: 11/11
  1777 | D        | Killed a yaktaur captain
  1778 | D        | Reached skill level 24 in Unarmed Combat
  1780 | D        | Noticed a sphinx
  1785 | D        | Killed Kirke
  1807 | D        | Received a gift from Trog
  1813 | D        | HP: 3/133 [poison (poison gas)]
  1814 | D        | Succumbed to poison (poison gas)

Illustrated notes

Levels and vault maps discovered:
D:        the_violet_keep_of_menkaure [sprint2_stairs_cluster_1,
          sprint2_shoproom, sprint2_temple, sprint2_basic_supplies,
          sprint2_obstacle_7, sprint2_obstacle_6, sprint2_obstacle_3,
          sprint2_obstacle_1, sprint2_obstacle_2, sprint2_timed_cluster_1,
          sprint2_smallroom_cluster_1, sprint2_smallroom_final_cluster_1,
          sprint2_transparent_cluster_1, sprint2_second_timed_cluster_1,
          sprint2_sniper_area_1, sprint2_heavy_combat_area_1,
          sprint2_mutation_trap_area_1, sprint2_forest_area_1,
          sprint2_light_combat_area_1, sprint2_behind_water_1,
          sprint2_near_end_vault_1]

Skill      XL: |  1  2  3  4  5  6  7  8  9 10 11 12 |
---------------+-------------------------------------+-----
Fighting       | 4 5 7 8 9 11 12 | 12.5
Dodging        | 4 5 7 8 10 11 12 13 | 13.4
Unarmed Combat | 5 6 7 8 10 11 13 16 19 23 24 | 24.5
Stealth        | 1 2 |  2.5
Throwing       | 1 |  1.2

Action                     |  1- 3 |  4- 6 |  7- 9 | 10-12 || total
---------------------------+-------+-------+-------+-------++-------
  Melee: Unarmed           |     5 |    19 |    42 |   108 ||   174
         Punch             |       |     3 |     3 |    17 ||    23
  Throw: Dart              |       |       |       |     1 ||     1
 Invoke: Berserk           |     1 |     1 |     4 |     7 ||    13
         Brothers in Arms  |       |       |     1 |       ||     1
    Use: Potion            |       |       |     1 |     4 ||     5
         Scroll            |       |       |       |     4 ||     4
 Armour: Animal skin       |       |     1 |     4 |    23 ||    28
  Dodge: Dodged            |     1 |     3 |    10 |    46 ||    60

Table legend: (Time is in decaauts)
 A = Elapsed time spent in this place.
 B = Non-inter-level travel time spent in this place.
 C = Inter-level travel time spent in this place.
 D = Time resting spent in this place.
 E = Time spent auto-exploring this place.
 F = Levels seen in this place.
 G = Mean time per level.
                   A        B        C        D        E       F      G
               +--------+--------+--------+--------+--------+-----+--------+
         Total |   1893 |   1770 |    123 |    858 |     45 |   1 | 1893.0 |
       Dungeon |   1893 |   1770 |    123 |    858 |     45 |   1 | 1893.0 |
               +--------+--------+--------+--------+--------+-----+--------+

Top non-repeatable levels by time:
       D: 1893 daAuts
